 Dungeon Crawl Stone Soup version 0.17-a0-737-gf0a300a (webtiles) character file.

5050 Ngotmuk the Blocker (level 10, -4/94 HPs)
             Began as a Deep Dwarf Fighter on Apr 25, 2015.
             Was an Initiate of Ru.
             Slain by a troll (11 damage)
             ... on level 9 of the Dungeon.
             The game lasted 00:20:01 (5326 turns).

Ngotmuk the Blocker (Deep Dwarf Fighter)            Turns: 5326, Time: 00:20:01

Health: -4/94      AC: 12    Str: 23    XL:     10   Next: 30%
Magic:  10/10      EV:  8    Int:  9    God:    Ru [......]
Gold:   471        SH:  8    Dex: 12    Spells: 0 memorised, 9 levels left

rFire  . . .     SeeInvis .     y - +2 war axe (vamp)
rCold  . . .     Clarity  .     A - +0 chain mail
rNeg   . . .     SustAb   .     H - +2 buckler
rPois  +         Gourm    .     (no helmet)
rElec  .         Spirit   .     (no cloak)
rCorr  .         Warding  .     (no gloves)
rMut   .         Stasis   .     r - +0 pair of boots
MR     +....                    (no amulet)
Stlth  ..........               B - ring of poison resistance
                                D - ring of teleport control

@: non-regenerating, somewhat resistant to hostile enchantments, extremely
unstealthy
A: damage resistance, recharge devices, sense surroundings 2, slow healing 3
a: Device Recharging, Renounce Religion, Evoke Teleport Control


You were on level 9 of the Dungeon.
You worshipped Ru.
Ru was noncommittal.
You were not hungry.

You visited 2 branches of the dungeon, and saw 10 of its levels.

You collected 471 gold pieces.

Inventory:

Hand weapons
 y - a +2 vampiric war axe (weapon)
Armour
 r - a +0 pair of boots (worn)
 A - a +0 chain mail (worn)
 H - a +2 buckler (worn)
Jewellery
 B - a ring of poison resistance (right hand)
 D - a ring of teleport control (left hand)
Magical devices
 e - a wand of heal wounds (5)
Scrolls
 h - 3 scrolls of remove curse
 j - a scroll of fear
 k - a scroll of amnesia
 p - 3 scrolls of teleportation
 q - a scroll of fog
 s - 2 scrolls of magic mapping
 t - a scroll of recharging
 F - a scroll of vulnerability {unknown}
Potions
 a - a potion of ambrosia {unknown}
 d - 4 potions of might
 g - 7 potions of curing {unknown}
 i - a potion of magic
 l - a potion of invisibility
 n - 5 potions of heal wounds
 o - 2 potions of resistance
 u - a potion of flight
 z - 2 potions of haste
 C - 2 potions of berserk rage
Comestibles
 b - a royal jelly
 f - 5 bread rations
 x - 3 beef jerkies
 I - 2 meat rations


   Skills:
 + Level 7.3 Fighting
 + Level 8.5 Axes
 + Level 9.2 Armour
 + Level 9.3 Shields


You had 9 spell levels left.
You didn't know any spells.

Dungeon Overview and Level Annotations

Branches:
Dungeon (9/15)             Temple (1/1) D:5
   Lair: D:8-11         Orc: D:9-12

Altars:
Ashenzari
Cheibriados
Dithmenos
Elyvilon
Fedhas
Gozag
Kikubaaqudgha
Makhleb
Nemelex Xobeh
Okawaru
Qazlal
Ru
Sif Muna
Trog
Vehumet
Xom
Yredelemnul
Zin
The Shining One

Shops:
D:4 *   D:6 [


Innate Abilities, Weirdness & Mutations

You are resistant to damage.
You can recharge devices by infusing magical energy.
You passively map the area around you.
You do not heal naturally.


Message History

The troll closely misses you. The troll claws you. The troll misses you.
You hit the troll.
The troll is severely wounded.
The gnoll hits you from afar with an enchanted spear.
You block the troll's attack. The troll claws you!
* * * LOW HITPOINT WARNING * * *
The troll claws you.
* * * LOW HITPOINT WARNING * * *
You hit the troll.
You feel better.
The troll is severely wounded.
The gnoll hits you from afar with an enchanted spear!
* * * LOW HITPOINT WARNING * * *
You block the troll's attack. The troll claws you!
* * * LOW HITPOINT WARNING * * *
The troll claws you!
* * * LOW HITPOINT WARNING * * *
You hit the troll.
You feel better.
The troll is severely wounded.
The gnoll hits you but does no damage. The troll bites you!
You die...

*. #.# ..# #.# ** * *
* ..# #.# * ,, #..#
##.#### ### *## * * *
#..####...#.# #.##..##
......#.#...###......#
...##.._....#.).## , *
...####.###..#.#.#, ,
* ..# #..#####.#@# *,
, .## #...## #.)#T# ,,
, .# #.)..###.##g# , *
.# #>....##.# {o
.######....###.# ##.
,, .##...#...## #.. .#
* .##.#.#...#####. , #
,,** ....#.......#* *
, , , ....#.....### ,
, *,


You could see a troll, an orc wizard and a gnoll.

Vanquished Creatures
  A centaur warrior (D:8)
  Pikel (D:6)
  Grinder (D:6)
  Prince Ribbit (D:7)
  Sigmund (D:6)
  A wyvern (D:8)
  Menkaure (D:7)
  2 orc warriors
  4 sky beasts
  A black bear (D:7)
  A necrophage (D:8)
  3 ice beasts
  5 ogres
  2 big kobolds
  A giant frog (D:8)
  4 scorpions
  2 crimson imps
  5 hounds
  A jelly (D:8)
  A quasit (D:9)
  2 orc priests
  3 giant frog skeletons
  5 iguanas
  Terence (D:3)
  11 orc wizards
  6 worker ants
  A hound skeleton (D:4)
  A worker ant zombie (D:8)
  8 adders
  5 gnolls
  An adder zombie (D:9)
  An adder skeleton (D:9)
  A worm (D:3)
  5 giant geckos
  31 orcs
  A ball python (D:1)
  A bat skeleton (D:6)
  9 giant cockroaches
  15 goblins
  11 hobgoblins
  23 kobolds
  2 quokkas
  6 bats
  2 giant newts
  12 jackals
  A quokka skeleton (D:7)
  14 rats
  16 ballistomycetes
234 creatures vanquished.

Vanquished Creatures (others)
  A phantom (D:6)
  A human (D:3)
  2 giant spores
  A butterfly (D:7)
5 creatures vanquished.

Grand Total: 239 creatures vanquished

Notes
Turn   | Place    | Note
--------------------------------------------------------------
     0 | D:1      | Ngotmuk, the Deep Dwarf Fighter, began the quest for the Orb.
     0 | D:1      | Reached XP level 1. HP: 20/20 MP: 1/1
   412 | D:1      | Reached XP level 2. HP: 27/27 MP: 2/2
   703 | D:2      | Reached XP level 3. HP: 30/33 MP: 3/3
   897 | D:2      | Found a blossoming altar of Fedhas.
  1134 | D:3      | Reached skill level 4 in Armour
  1142 | D:3      | Reached XP level 4. HP: 29/42 MP: 4/4
  1235 | D:3      | Noticed Terence
  1246 | D:3      | Killed Terence
  1246 | D:3      | Reached XP level 5. HP: 19/49 MP: 5/5
  1363 | D:3      | Noticed a sky beast
  1400 | D:3      | Killed a sky beast
  1491 | D:3      | Found an ancient bone altar of Kikubaaqudgha.
  1493 | D:3      | Noticed a human
  1495 | D:3      | Killed a human
  1734 | D:4      | Reached XP level 6. HP: 22/57 MP: 6/6
  1736 | D:4      | Found Cuut's General Store.
  1807 | D:4      | Reached skill level 5 in Armour
  1890 | D:4      | Found a glowing golden altar of the Shining One.
  2115 | D:5      | Entered Level 5 of the Dungeon
  2124 | D:5      | Reached skill level 5 in Shields
  2237 | D:6      | Noticed Pikel
  2240 | D:6      | Noticed Grinder
  2241 | D:6      | Paralysed by Grinder for 4 turns
  2248 | D:6      | Paralysed by Grinder for 2 turns
  2260 | D:6      | Killed Pikel
  2260 | D:6      | Reached skill level 5 in Axes
  2260 | D:6      | Reached skill level 6 in Armour
  2260 | D:6      | Reached XP level 7. HP: 44/66 MP: 7/7
  2267 | D:6      | Killed Grinder
  2267 | D:6      | Reached skill level 5 in Fighting
  2267 | D:6      | Reached XP level 8. HP: 43/74 MP: 8/8
  2425 | D:6      | Noticed Sigmund
  2446 | D:6      | Killed Sigmund
  2455 | D:6      | Found Riwurene's Antique Armour Emporium.
  2515 | D:6      | Found a sparkling altar of Nemelex Xobeh.
  2716 | D:6      | Reached skill level 7 in Armour
  2989 | D:5      | Gained mutation: You passively map the area around you. [Deep Dwarf growth]
  2989 | D:5      | Reached XP level 9. HP: 82/82 MP: 9/9
  3181 | D:5      | Found a staircase to the Ecumenical Temple.
  3186 | Temple   | Entered the Ecumenical Temple
  3339 | D:5      | Found a deep blue altar of Sif Muna.
  3509 | D:5      | Found a shadowy altar of Dithmenos.
  3731 | D:7      | Noticed Prince Ribbit
  3777 | D:7      | Noticed Menkaure
  3788 | D:7      | Killed Menkaure
  3963 | D:7      | Killed Prince Ribbit
  3963 | D:7      | Reached skill level 8 in Armour
  3966 | D:7      | Found a sacrificial altar of Ru.
  4000 | D:7      | Became a worshipper of Ru the Awakened
  4230 | D:7      | Found an iron altar of Okawaru.
  4941 | D:8      | Reached XP level 10. HP: 92/92 MP: 10/10
  4949 | D:8      | Noticed a centaur warrior
  4969 | D:8      | Killed a centaur warrior
  4969 | D:8      | Reached skill level 9 in Armour
  5291 | D:9      | Found a radiant altar of Vehumet.
  5326 | D:9      | Slain by a troll

Action                   |  1- 3 |  4- 6 |  7- 9 | 10-12 || total
-------------------------+-------+-------+-------+-------++-------
Melee: War axe           |   114 |   203 |   521 |    73 ||   911
Invok: Reject Sacrifices |       |       |     1 |       ||     1
Evoke: Wand              |       |     4 |     2 |       ||     6
  Use: Scroll            |       |     2 |    12 |     9 ||    23
  Eat: Beef jerky        |     1 |     3 |       |       ||     4
       Bread ration      |       |     1 |       |       ||     1
       Pizza             |       |       |     1 |       ||     1
       Meat ration       |       |       |     2 |       ||     2
